 Dungeon Crawl Stone Soup version 0.30-a0-377-g5cb311bc9f (webtiles) character file.

Game seed: 13542712657352522833

5212 funkygono the Thaumaturge (level 10, -1/66 HPs)
             Began as a Demonspawn Fire Elementalist on Nov 28, 2022.
             Was a Priest of Vehumet.
             Slain by a four-headed hydra (4 damage)
             ... on level 8 of the Dungeon.
             The game lasted 00:17:57 (10467 turns).

funkygono the Thaumaturge (DsFE)                   Turns: 10467, Time: 00:17:57

Health: -1/66      AC: 10    Str:  8    XL:     10   Next: 35%
Magic:  22/22      EV: 12    Int: 21    God:    Vehumet [***...]
Gold:   620        SH:  0    Dex: 14    Spells: 6/26 levels left

rFire   + + .      SeeInvis .    t - +3 hammer (flame)
rCold   . . .      Faith    .    (no shield)
rNeg    . . .      Spirit   .    J - +0 acid dragon scales
rPois   .          Reflect  .    z - +0 helmet
rElec   .          Harm     .    (cloak unavailable)
rCorr   +          Rampage  .    (no gloves)
Will    .....                    (no boots)
Stlth   +.........               (no amulet)
HPRegen 0.31/turn                g - ring of protection from fire
MPRegen 0.18/turn                m - ring of protection from fire

@: confused, ambrosia-drunk
A: icy blue scales 2, powered by pain 2, weakness stinger 3
a: Renounce Religion


You were on level 8 of the Dungeon.
You worshipped Vehumet.
Vehumet was most pleased with you.
You visited 2 branches of the dungeon, and saw 10 of its levels.
You also visited: Ossuary.

You collected 620 gold pieces.

Inventory:

Hand Weapons
 c - a +0 club
 q - a +0 flail
 r - a +4 quarterstaff of chaos
 t - a +3 hammer of flaming (weapon)
 F - a +1 long sword
Armour
 k - a +1 robe of willpower
 s - a +2 cloak
 u - the +1 cloak of the Postmodern Wishes {rF++}
   (You found it on level 5 of the Dungeon)

   rF:        It greatly protects you from fire.
 x - a scarf of resistance
 z - a +0 helmet (worn)
 A - +0 steam dragon scales
 J - +0 acid dragon scales (worn)
Jewellery
 g - a ring of protection from fire (left hand)
 m - a ring of protection from fire (right hand)
 C - a ring of wizardry
Wands
 h - a wand of quicksilver (23)
 w - a wand of mindburst (18)
 E - a wand of iceblast (18)
 I - a wand of flame (12)
Scrolls
 e - 5 scrolls of teleportation
 n - 5 scrolls of magic mapping
 p - a scroll of blinking
 v - a scroll of amnesia
 y - a scroll of silence
 B - a scroll of fear
Potions
 f - 6 potions of curing
 i - 5 potions of flight
 j - 3 potions of attraction
 l - a potion of cancellation
 o - 3 potions of mutation
 D - 2 potions of might
 H - 2 potions of invisibility {unknown}


   Skills:
 + Level 1.5 Fighting
 + Level 1.9 Maces & Flails
 + Level 0.4 Armour
 + Level 3.2 Dodging
 - Level 1.7 Stealth
 + Level 8.8 Spellcasting
 + Level 5.8 Conjurations
 + Level 7.9 Fire Magic
 + Level 4.7 Air Magic
 * Level 1.3 Poison Magic
 + Level 0.2 Evocations


You had 6 spell levels left.
You knew the following spells:

 Your Spells              Type           Power      Damage    Failure   Level
a - Foxfire               Conj/Fire      100%       2x1d9     1%          1
b - Scorch                Fire           84%        2d9       1%          2
c - Kindle Blastsparks    Fire/Tloc/Air  52%        2d14      1%          3
d - Flame Wave            Conj/Fire      38%        2d10      2%          4
e - Momentum Strike       Conj/Tloc      42%        3d9       1%          2
f - Airstrike             Air            14%        2d(3-19)  5%          4
g - Olgreb's Toxic Radia  Pois           14%        N/A       19%         4

Your spell library contained the following spells:

 Spells                   Type           Power      Damage    Failure   Level
 Shock                    Conj/Air       100%       1d9       1%          1
 Inner Flame              Hex/Fire       25%        N/A       2%          3
 Swiftness                Air            29%        N/A       6%          3


Dungeon Overview and Level Annotations

Branches:
Dungeon (9/15)             Temple (1/1) D:4            Lair (0/5) D:8
    Orc (0/2) D:9         Ossuary (visited)

Altars:
Ashenzari
Cheibriados
Dithmenos
Fedhas
Gozag
Hepliaklqana
Kikubaaqudgha
Makhleb
Nemelex Xobeh
Okawaru
Sif Muna
Trog
Uskayaw
Vehumet
Wu Jian
Xom
Yredelemnul

Shops:
D:3 =   D:8 (


Innate Abilities, Weirdness & Mutations

You are mostly covered in icy blue scales. (AC +3)
You sometimes gain power by taking damage.
You have a sharp stinger which inflicts weakening toxins.


Message History

The four-headed hydra is moderately wounded.
The flame wave engulfs the gnoll.
You kill the gnoll!
Vehumet accepts your kill.
You feel your power returning.
The flame wave engulfs something.
The flame wave engulfs the wyvern!
The wyvern is heavily wounded.
Something hits you but does no damage. Something bites you.
* * * LOW HITPOINT WARNING * * *
Something draws strength from your injuries!
The four-headed hydra closely misses you.
The four-headed hydra bites you.
* * * LOW HITPOINT WARNING * * *
The four-headed hydra bites you but does no damage. x2
A wave of flame ripples out!
The flame wave engulfs the wyvern!
The wyvern is almost dead.
The flame wave engulfs the four-headed hydra!
The four-headed hydra is moderately wounded.
The flame wave engulfs something!
You finish channelling waves of flame.
The wyvern bites you.
* * * LOW HITPOINT WARNING * * *
The wyvern closely misses you.
The four-headed hydra bites you but does no damage.
The four-headed hydra barely misses you.
The four-headed hydra closely misses you. x2
Something hits you.
* * * LOW HITPOINT WARNING * * *
Something bites you.
* * * LOW HITPOINT WARNING * * *
Something draws strength from your injuries!
Unknown command.
You are confused.
You feel invigorated. The wyvern misses you.
Something hits you but does no damage. Something bites you.
* * * LOW HITPOINT WARNING * * *
Something draws strength from your injuries!
The four-headed hydra bites you but does no damage.
The four-headed hydra closely misses you.
The four-headed hydra bites you.
You die...

#....#.#≈#.#...#
#..###.#≈#.###.#
#......#≈#.....#
#..###.#≈#.###.#
##...#.#≈#.#...#
######.#.###~###÷.##
#......#.......(..##
###.l{##########....##
#...D@).# ##..#.##
#######.#######...#<##
#.......#........##.##
#.##....#.#####(###.##
#.##.##.#.##....# #.##
#.....#.#.##.##.# #.##
#####<.#.#.##.######.##
#........#.............
#........#....###......


You could see a four-headed hydra and a wyvern.

Vanquished Creatures
  2 kobold demonologists (D:8)
  A hornet (D:8)
  5 yaks (D:8)
  2 wyverns (D:8)
  2 steam dragons
  An acid dragon (D:8)
  4 water moccasins
  Duvessa (D:4)
  4 black bears
  2 ice beasts
  2 sky beasts
  2 centaurs
  A phantom (D:5)
  7 bullfrogs
  A necrophage (D:6)
  A scorpion (D:5)
  4 wights (D:8)
  Dowan (D:4)
  2 howler monkeys (D:8)
  A lava snake (D:7)
  3 hounds
  A jelly (D:7)
  5 orc priests
  Crazy Yiuf (D:3)
  An iguana (D:7)
  An orc wizard (D:6)
  A mummy (Ossuary)
  8 gnolls
  3 adders
  A shadow imp (D:6)
  3 white imps (D:6)
  A worm (D:4)
  3 dart slugs
  30 orcs
  3 spectral bats (Ossuary)
  7 endoplasms
  8 giant cockroaches
  12 gnoll zombies (Ossuary)
  4 goblins
  5 hobgoblins
  16 jackals
  5 quokkas
  6 ball pythons
  7 bats
  3 bat simulacra (Ossuary)
  4 frilled lizards
  4 goblin simulacra (Ossuary)
  4 hobgoblin zombies (Ossuary)
  14 kobolds
  2 kobold simulacra (Ossuary)
  7 kobold zombies (Ossuary)
  7 orc zombies (Ossuary)
  11 rats
  3 rat simulacra (Ossuary)
  3 spectral kobolds (Ossuary)
  4 spectral rats (Ossuary)
247 creatures vanquished.

Vanquished Creatures (collateral kills)
  9 foxfires
9 creatures vanquished.

Vanquished Creatures (others)
  750 foxfires
  34 fungi (D:8)
  34 plants
  5 toadstools (D:1)
823 creatures vanquished.

Grand Total: 1079 creatures vanquished

Notes
Turn   | Place    | Note
-------+----------+-------------------------------------------
     0 | D:1      | funkygono the Demonspawn Fire Elementalist began the quest
                  | for the Orb.
     0 | D:1      | Reached XP level 1. HP: 13/13 MP: 3/3
   167 | D:1      | Gained mutation: You are partially covered in icy blue
                  | scales. (AC +2) [demonic ancestry]
   167 | D:1      | Reached XP level 2. HP: 19/19 MP: 0/5
   511 | D:1      | Reached XP level 3. HP: 24/24 MP: 1/6
  1443 | D:2      | Gained mutation: You sometimes gain a little power by
                  | taking damage. [demonic ancestry]
  1443 | D:2      | Reached XP level 4. HP: 30/30 MP: 4/8
  1986 | D:3      | Noticed a bullfrog
  1992 | D:3      | Killed a bullfrog
  1993 | D:3      | Reached skill level 3 in Spellcasting
  1993 | D:3      | Gained mutation: You are mostly covered in icy blue scales.
                  | (AC +3) [demonic ancestry]
  1993 | D:3      | Reached XP level 5. HP: 33/35 MP: 3/9
  2123 | D:3      | Found Guplyol's Jewellery Emporium.
  2542 | D:3      | Learned a level 2 spell: Scorch
  2546 | D:3      | Learned a level 3 spell: Kindle Blastsparks
  2771 | D:3      | Found a runed translucent door.
  2772 | D:3      | Noticed Crazy Yiuf
  3089 | D:3      | Killed Crazy Yiuf
  3208 | D:3      | Learned a level 4 spell: Flame Wave
  3381 | D:4      | Noticed a black bear
  3392 | D:4      | Killed a black bear
  3393 | D:4      | Reached XP level 6. HP: 23/41 MP: 0/11
  3686 | D:4      | Found a staircase to the Ecumenical Temple.
  3686 | D:4      | Noticed an ice beast
  3695 | D:4      | Killed an ice beast
  3703 | Temple   | Entered the Ecumenical Temple
  3775 | Temple   | Became a worshipper of Vehumet
  3812 | D:4      | Noticed Duvessa
  3841 | D:4      | HP: 1/42 [Duvessa/+0 short sword (6)]
  3843 | D:4      | Killed Duvessa
  3844 | D:4      | Reached skill level 4 in Spellcasting
  3844 | D:4      | Gained mutation: You have a small tail. [demonic ancestry]
  3844 | D:4      | Reached XP level 7. HP: 2/47 MP: 5/13
  3856 | D:4      | Noticed Dowan
  4017 | D:4      | Reached skill level 5 in Fire Magic
  4281 | D:4      | Found a burning altar of Makhleb.
  4820 | D:4      | Killed Dowan
  4960 | D:5      | Entered Level 5 of the Dungeon
  4964 | D:5      | Found a sand-covered staircase.
  4969 | Ossuary  | Entered an ossuary
  5284 | Ossuary  | Reached * piety under Vehumet
  5284 | Ossuary  | Offered knowledge of Sandblast by Vehumet.
  6223 | D:5      | Offered knowledge of Momentum Strike by Vehumet.
  6225 | D:5      | Reached ** piety under Vehumet
  6296 | D:5      | Identified the +1 cloak of the Postmodern Wishes {rF++}
  6395 | D:5      | Reached skill level 1 in Maces & Flails
  6399 | D:5      | Learned a level 2 spell: Momentum Strike
  6578 | D:5      | Reached skill level 5 in Spellcasting
  6883 | D:5      | Learned a level 4 spell: Airstrike
  6905 | D:6      | Reached skill level 1 in Fighting
  6931 | D:6      | Gained mutation: You have a tail ending in a sharp stinger.
                  | [demonic ancestry]
  6931 | D:6      | Reached XP level 8. HP: 52/54 MP: 11/15
  7092 | D:6      | Reached skill level 1 in Air Magic
  7306 | D:6      | Reached skill level 6 in Spellcasting
  7703 | D:6      | Found a shadowy altar of Dithmenos.
  7712 | D:6      | Found a snail-covered altar of Cheibriados.
  7714 | D:6      | Found an iron altar of Okawaru.
  7985 | D:7      | Found an opulent altar of Gozag.
  8092 | D:7      | Offered knowledge of Poisonous Vapours by Vehumet.
  8093 | D:7      | Gained mutation: You have a sharp stinger which inflicts
                  | weakening toxins. [demonic ancestry]
  8093 | D:7      | Reached XP level 9. HP: 59/59 MP: 12/19
  8676 | D:8      | Paralysed by a hornet for 3 turns
  8681 | D:8      | Reached skill level 7 in Spellcasting
  8708 | D:8      | Reached *** piety under Vehumet
  8895 | D:8      | Reached skill level 8 in Spellcasting
  9053 | D:8      | Found a staircase to the Lair.
  9058 | D:8      | Reached skill level 5 in Conjurations
  9154 | D:8      | Found Iledu's Antique Weapon Boutique.
  9186 | D:8      | Offered knowledge of Olgreb's Toxic Radiance by Vehumet.
  9464 | D:8      | Gained mutation: You sometimes gain power by taking damage.
                  | [demonic ancestry]
  9464 | D:8      | Reached XP level 10. HP: 66/66 MP: 12/22
 10120 | D:8      | Learned a level 4 spell: Olgreb's Toxic Radiance
 10150 | D:9      | Found a staircase to the Orcish Mines.
 10188 | D:9      | Noticed a rust devil
 10298 | D:8      | Reached skill level 1 in Poison Magic
 10351 | D:9      | Noticed a four-headed hydra
 10466 | D:8      | HP: 1/66 [something (3)]
 10467 | D:8      | Slain by a four-headed hydra

Illustrated notes

Levels and vault maps discovered:
D:1:      ldierk_walled_garden, layout_rooms, minmay_unequal
D:2:      layout_rooms, basic_altar
D:3:      layout_basic, serial_shops, nicolae_shop_crystal,
          uniq_crazy_yiuf_cottage
D:4:      nicolae_cairo_tiling_very_big, layout_gridville, kennysheep_mini_moat,
          minmay_temple_entry_glass, serial_bayou_pond_e, serial_park_tiny_pond,
          uniq_duvessa
D:5:      layout_gridville, enter_ossuary_5
D:6:      layout_rooms, minitemple, grunt_decor_arrowhead
D:7:      layout_gridville, amcnicky_altar_gilded,
          chequers_serial_rivers_micro_b, kennysheep_big_empty_room,
          supply_closet_lemuel
D:8:      layout_basic, due_lair_maze_entry_diamond, minmay_shop_grid_forest,
          grunt_decor_cap
D:9:      layout_big_octagon, nicolae_qazlal_style_of_elements, orc_0_dummy,
          minmay_ruined_shrine
Temple:   nicolae_temple_ecumenical_triangle

Skill      XL: |  1  2  3  4  5  6  7  8  9 10 |
---------------+-------------------------------+-----
Fire Magic     | 3 4 5 6 7 |  7.9
Dodging        | 2 3 |  3.2
Conjurations   | 2 3 4 5 |  5.8
Spellcasting   | 3 4 5 6 8 |  8.8
Maces & Flails | 1 |  1.9
Fighting       | 1 |  1.5
Air Magic      | 3 4 |  4.7
Poison Magic   | 1 |  1.3
Armour         | |  0.4
Stealth        | |  1.7
Evocations     | |  0.2

Action                   |  1- 3 |  4- 6 |  7- 9 | 10-12 || total
-------------------------+-------+-------+-------+-------++-------
Melee: Unarmed           |     2 |       |       |       ||     2
       Club              |    20 |       |       |       ||    20
       Flail             |       |     1 |       |       ||     1
       Mace              |       |     5 |    31 |       ||    36
       Tailslap          |       |       |     7 |       ||     7
 Cast: Foxfire           |    77 |    97 |   243 |    14 ||   431
       Scorch            |       |    10 |    58 |     7 ||    75
       Flame Wave        |       |       |     3 |     6 ||     9
       Momentum Strike   |       |       |       |     1 ||     1
Evoke: Wand              |       |       |     2 |       ||     2
  Use: Scroll            |       |    10 |    12 |     2 ||    24
       Potion            |       |     1 |       |     3 ||     4
Armor: Robe              |    14 |    12 |    21 |       ||    47
       Steam dragon scal |       |       |     7 |     4 ||    11
       Acid dragon scale |       |       |       |    35 ||    35
Dodge: Dodged            |    28 |    42 |    57 |    36 ||   163

Table legend: (Time is in decaauts)
 A = Elapsed time spent in this place.
 B = Non-inter-level travel time spent in this place.
 C = Inter-level travel time spent in this place.
 D = Time resting spent in this place.
 E = Time spent auto-exploring this place.
 F = Levels seen in this place.
 G = Mean time per level.
                   A        B        C        D        E       F      G
               +--------+--------+--------+--------+--------+-----+--------+
         Total |  10496 |  10275 |    221 |    445 |   8116 |  11 |  954.2 |
       Dungeon |   9401 |   9193 |    208 |    384 |   7337 |   9 | 1044.6 |
        Temple |     92 |     79 |     13 |      0 |     68 |   1 |   92.0 |
       Ossuary |   1002 |   1002 |      0 |     61 |    711 |   1 | 1002.0 |
               +--------+--------+--------+--------+--------+-----+--------+

Top non-repeatable levels by time:
     D:8: 1753 daAuts
     D:4: 1670 daAuts
     D:3: 1246 daAuts
     D:5: 1041 daAuts
     D:1: 1020 daAuts
 Ossuary: 1002 daAuts
     D:2: 959 daAuts
     D:6: 839 daAuts
     D:7: 820 daAuts
  Temple: 92 daAuts
     D:9: 50 daAuts
